[Event "95th Caplin Hastings Congress"]
[Site "Hastings"]
[Date "2019.12.30"]
[Round "3.15"]
[White "Gallagher, Daniel GH"]
[Black "Cherniaev, Alexander"]
[Result "1/2-1/2"]
[ECO "B00"]
[WhiteElo "2171"]
[BlackElo "2419"]
[Annotator "NA"]
[PlyCount "127"]
[EventDate "2019.12.28"]
[EventType "swiss"]
[EventCountry "ENG"]
[SourceTitle "playchess.com"]
[Source "ChessBase"]
[SourceQuality "1"]
[TimeControl "40/6600+30:3000+30"]

1. e4 b6 2. d4 Bb7 3. Bd3 Nf6 4. Qe2 Nc6 5. c3 e5 6. d5 Ne7 7. Nf3 Ng6 8. O-O c6 9. c4 Bc5 10. Nc3 O-O 11. a3 a5 12. Na4 Re8 13. Rd1 d6 14. Nxc5 bxc5 15. b3 cxd5 16. cxd5 Nf4 17. Bxf4 exf4 18. Qc2 Ba6 19. Bxa6 Rxa6 20. Re1 Nd7 21. Qc3 Qf6 22. Qxf6 gxf6 23. Nd2 Rb8 24. Rec1 Ne5 25. Rc3 a4 26. Rb1 axb3 27. Rcxb3 Rba8 28. Rb8+ Rxb8 29. Rxb8+ Kg7 30. Rb3 f5 31. f3 fxe4 32. fxe4 Kg6 33. g3 fxg3 34. Rxg3+ Kf6 35. Rb3 Ra4 36. Kf2 Nc4 37. Rf3+ Ke7 38. Nxc4 Rxc4 39. Re3 Kf6 40. Rf3+ Ke7 41. Ke3 Rc2 42. h3 Rc4 43. Kf4 Kf6 44. Ke3+ Ke7 45. Kf4 h6 46. Ke3 Rc1 47. Kd3 h5 48. Ke3 h4 49. Kd2 Rg1 50. Rf4 Rg2+ 51. Kd1 Rg3 52. Rxh4 Rxa3 53. Kd2 Kf6 54. Rh5 Kg6 55. Rh8 Kf6 56. Rh5 Rg3 57. h4 Rh3 58. Rf5+ Kg6 59. h5+ Kg7 60. Rg5+ Kf6 61. Rf5+ Ke7 62. Ke2 f6 63. Kd2 Kf7 64. Ke2 1/2-1/2

[Event "95th Caplin Hastings Congress"]
[Site "Hastings"]
[Date "2019.12.30"]
[Round "3.16"]
[White "Lalic, Bogdan"]
[Black "Eames, Robert S"]
[Result "1-0"]
[ECO "E52"]
[WhiteElo "2414"]
[BlackElo "2150"]
[Annotator "NA"]
[PlyCount "71"]
[EventDate "2019.12.28"]
[EventType "swiss"]
[EventCountry "ENG"]
[SourceTitle "playchess.com"]
[Source "ChessBase"]
[SourceQuality "1"]
[TimeControl "40/6600+30:3000+30"]

1. d4 Nf6 2. c4 e6 3. Nc3 Bb4 4. e3 d5 5. Nf3 O-O 6. Bd3 b6 7. O-O Ba6 8. cxd5 exd5 9. Bxa6 Nxa6 10. Qd3 Qc8 11. Bd2 Qb7 12. a3 Bd6 13. b4 Ne4 14. b5 Nb8 15. Rfc1 Nd7 16. Be1 Rae8 17. Na2 f5 18. Bb4 f4 19. Rc2 fxe3 20. Qxe3 Bf4 21. Qb3 Rf5 22. g3 Bh6 23. Re1 Ndf6 24. Ne5 Ng5 25. f4 Ne6 26. Nc6 Kf7 27. Rce2 Qc8 28. Nc3 Bxf4 29. gxf4 Nxf4 30. Rxe8 Nxe8 31. Ne4 Rh5 32. Qf3 Qf5 33. Ng3 Nh3+ 34. Kg2 Qxf3+ 35. Kxf3 Rh6 36. Nd8+ 1-0

[Event "95th Caplin Hastings Congress"]
[Site "Hastings"]
[Date "2019.12.30"]
[Round "3.17"]
[White "Sucikova, Svetlana"]
[Black "Murphy, Conor E"]
[Result "1/2-1/2"]
[ECO "E17"]
[WhiteElo "2160"]
[BlackElo "2407"]
[Annotator "NA"]
[PlyCount "146"]
[EventDate "2019.12.28"]
[EventType "swiss"]
[EventCountry "ENG"]
[SourceTitle "playchess.com"]
[Source "ChessBase"]
[SourceQuality "1"]
[TimeControl "40/6600+30:3000+30"]

1. Nf3 d5 2. c4 e6 3. g3 Nf6 4. Bg2 Be7 5. O-O O-O 6. b3 b6 7. Bb2 c5 8. cxd5 Nxd5 9. d4 Nd7 10. Nc3 Bb7 11. Nxd5 Bxd5 12. e3 Qc8 13. Qe2 Qb7 14. Rfd1 Rfd8 15. Rac1 Bf6 16. dxc5 Bxb2 17. Qxb2 Nxc5 18. Qd4 Qe7 19. Qh4 Qxh4 20. Nxh4 Bxg2 21. Nxg2 Nd3 22. Rc2 Ne5 23. Rdc1 Nf3+ 24. Kh1 g5 25. Ne1 Ne5 26. Kg2 g4 27. Kf1 Rd6 28. Rc8+ Rxc8 29. Rxc8+ Kg7 30. Ke2 Nc6 31. Nd3 e5 32. Re8 f6 33. a3 Rd7 34. Rc8 Nd8 35. b4 Nf7 36. a4 Ng5 37. Ne1 e4 38. Rc4 Kg6 39. Rc8 Kf5 40. Rc4 Ke5 41. Rc2 Nf3 42. h4 gxh3 43. Nxf3+ exf3+ 44. Kxf3 Rd1 45. Kg4 Ke4 46. f4 Rh1 47. Rc7 f5+ 48. Kh4 Kf3 49. Rc3 Rb1 50. e4+ Kxe4 51. Kxh3 Rxb4 52. a5 Rb5 53. axb6 axb6 54. Kh4 Rc5 55. Ra3 b5 56. Ra7 Kd4 57. Rxh7 b4 58. Rb7 Kc4 59. g4 Rb5 60. Rc7+ Kd3 61. gxf5 b3 62. Rc1 Rxf5 63. Kg4 b2 64. Rb1 Rb5 65. f5 Kc2 66. Rxb2+ Rxb2 67. f6 Kd3 68. Kg5 Ke4 69. f7 Rf2 70. Kg6 Ke5 71. Kg7 Rg2+ 72. Kh7 Rf2 73. Kg7 Rxf7+ 1/2-1/2

[Event "95th Caplin Hastings Congress"]
[Site "Hastings"]
[Date "2019.12.30"]
[Round "3.18"]
[White "Fishbein, Mitch"]
[Black "Vaishali R"]
[Result "1/2-1/2"]
[ECO "A16"]
[WhiteElo "2151"]
[BlackElo "2376"]
[Annotator "NA"]
[PlyCount "98"]
[EventDate "2019.12.28"]
[EventType "swiss"]
[EventCountry "ENG"]
[SourceTitle "playchess.com"]
[Source "ChessBase"]
[SourceQuality "1"]
[TimeControl "40/6600+30:3000+30"]

1. Nf3 Nf6 2. c4 g6 3. Nc3 d5 4. cxd5 Nxd5 5. e4 Nxc3 6. dxc3 Qxd1+ 7. Kxd1 Nd7 8. Bf4 c6 9. Kc2 f6 10. Nd2 e5 11. Be3 a5 12. a4 Bc5 13. Bxc5 Nxc5 14. Bc4 Ke7 15. f3 h5 16. h4 f5 17. b3 fxe4 18. Nxe4 Bf5 19. Bd3 Bxe4 20. Bxe4 Nxe4 21. fxe4 Rhf8 22. Raf1 Rf4 23. Rxf4 exf4 24. Rf1 Rf8 25. Kd3 Ke6 26. Ke2 Ke5 27. Rd1 Kxe4 28. Rd4+ Ke5 29. Kf3 b5 30. Re4+ Kd5 31. Rxf4 Rxf4+ 32. Kxf4 bxa4 33. bxa4 Kc4 34. Kg5 Kxc3 35. Kxg6 c5 36. Kxh5 c4 37. g4 Kb4 38. g5 c3 39. g6 c2 40. g7 c1=Q 41. g8=Q Kxa4 42. Qb8 Qd1+ 43. Kg5 Qd5+ 44. Kg4 Qd7+ 45. Kg5 Qg7+ 46. Kf5 Qh7+ 47. Kg5 Qe7+ 48. Kg4 Qg7+ 49. Kf5 Qh7+ 1/2-1/2

[Event "95th Caplin Hastings Congress"]
[Site "Hastings"]
[Date "2019.12.30"]
[Round "3.19"]
[White "Gutierrez Carmona, Juan Alejandr"]
[Black "Rudd, Jack"]
[Result "0-1"]
[ECO "C00"]
[WhiteElo "2146"]
[BlackElo "2331"]
[Annotator "NA"]
[PlyCount "58"]
[EventDate "2019.12.28"]
[EventType "swiss"]
[EventCountry "ENG"]
[SourceTitle "playchess.com"]
[Source "ChessBase"]
[SourceQuality "1"]
[TimeControl "40/6600+30:3000+30"]

1. e4 e6 2. Qe2 e5 3. Nf3 Nc6 4. g3 Bc5 5. Bg2 d6 6. c3 g5 7. d4 exd4 8. Bxg5 f6 9. cxd4 Nxd4 10. Nxd4 fxg5 11. Qh5+ Kf8 12. Nb3 Bb6 13. Nc3 Be6 14. O-O-O Bf7 15. Qe2 Qf6 16. Rhf1 Qh6 17. f4 Ne7 18. Kb1 gxf4 19. Rxf4 Ng6 20. Rf6 Kg7 21. e5 Rhf8 22. Rdf1 dxe5 23. Bxb7 Rad8 24. Ne4 Qe3 25. Qc2 a5 26. R6f3 Bxb3 27. Qxb3 Rxf3 28. Rxf3 Qe1+ 29. Kc2 Qd1+ 0-1

[Event "95th Caplin Hastings Congress"]
[Site "Hastings"]
[Date "2019.12.30"]
[Round "3.20"]
[White "Grieve, Harry"]
[Black "De Boer, Bas"]
[Result "1-0"]
[ECO "C44"]
[WhiteElo "2299"]
[BlackElo "2138"]
[Annotator "NA"]
[PlyCount "75"]
[EventDate "2019.12.28"]
[EventType "swiss"]
[EventCountry "ENG"]
[SourceTitle "playchess.com"]
[Source "ChessBase"]
[SourceQuality "1"]
[TimeControl "40/6600+30:3000+30"]

1. e4 e5 2. Nf3 Nf6 3. d3 Nc6 4. Be2 d5 5. Nbd2 Bd6 6. h3 O-O 7. c3 Re8 8. Qc2 a6 9. Nf1 Ne7 10. Bg5 dxe4 11. dxe4 Ng6 12. g3 h6 13. Be3 Be6 14. N1d2 Qc8 15. Bf1 Nd7 16. Bc4 Bc5 17. Bxe6 Rxe6 18. Bxc5 Nxc5 19. O-O Rf6 20. Kg2 Ne6 21. Rh1 Ng5 22. Nxg5 hxg5 23. Nc4 Qe6 24. Ne3 Qc6 25. Rad1 Rd6 26. Nf5 Rdd8 27. Qe2 Qa4 28. b3 Qc6 29. Rd3 Rxd3 30. Qxd3 Qf6 31. Qd7 Qd8 32. Rd1 Qxd7 33. Rxd7 Rc8 34. Kf3 Nf8 35. Re7 Ng6 36. Kg4 Kf8 37. Rd7 Ke8 38. Rd2 1-0

[Event "95th Caplin Hastings Congress"]
[Site "Hastings"]
[Date "2019.12.30"]
[Round "3.21"]
[White "Unnikrishnan, Midhun P"]
[Black "Yao, Lan"]
[Result "0-1"]
[ECO "A17"]
[WhiteElo "2135"]
[BlackElo "2281"]
[Annotator "NA"]
[PlyCount "90"]
[EventDate "2019.12.28"]
[EventType "swiss"]
[EventCountry "ENG"]
[SourceTitle "playchess.com"]
[Source "ChessBase"]
[SourceQuality "1"]
[TimeControl "40/6600+30:3000+30"]

1. Nf3 Nf6 2. c4 e6 3. g3 b6 4. Bg2 Bb7 5. O-O Be7 6. Nc3 O-O 7. d3 d5 8. Qc2 d4 9. Ne4 Nxe4 10. dxe4 c5 11. b4 cxb4 12. Bb2 Nc6 13. Rfd1 Qc7 14. Nxd4 Nxd4 15. Bxd4 Rac8 16. Rac1 Ba6 17. Qb2 f6 18. Bh3 Qc6 19. e5 Bb7 20. f3 f5 21. Rd2 Bg5 22. e3 Qxf3 23. Bg2 Bxe3+ 24. Kh1 Bxd2 25. Bxf3 Bxf3+ 26. Kg1 Bxc1 27. Qxc1 Rfd8 28. Kf2 Rxd4 29. Kxf3 Rcxc4 30. Qg5 Rc3+ 31. Ke2 Rd7 32. g4 Rc5 33. Qf4 fxg4 34. Qxb4 Rxe5+ 35. Kf2 h5 36. Qc3 Rf7+ 37. Kg2 Re2+ 38. Kg1 Rff2 39. Qc8+ Kh7 40. Qe8 Rxh2 41. Qd7 Rhg2+ 42. Kh1 Rgf2 43. Kg1 g3 44. Qd3+ Kh6 45. Qc3 g2 0-1

[Event "95th Caplin Hastings Congress"]
[Site "Hastings"]
[Date "2019.12.30"]
[Round "3.22"]
[White "Lyell, Mark"]
[Black "Patrick, Chaski"]
[Result "1-0"]
[ECO "B23"]
[WhiteElo "2265"]
[BlackElo "2131"]
[Annotator "NA"]
[PlyCount "71"]
[EventDate "2019.12.28"]
[EventType "swiss"]
[EventCountry "ENG"]
[SourceTitle "playchess.com"]
[Source "ChessBase"]
[SourceQuality "1"]
[TimeControl "40/6600+30:3000+30"]

1. e4 c5 2. Nc3 e6 3. Nge2 Nc6 4. g3 h5 5. Bg2 h4 6. d4 h3 7. Bf1 cxd4 8. Nxd4 Bc5 9. Nb3 Bb4 10. Bd2 Nf6 11. Qe2 d5 12. e5 Bxc3 13. Bxc3 Ne4 14. Qe3 Nxc3 15. Qxc3 Qb6 16. f4 Bd7 17. a4 d4 18. Qc5 Qxc5 19. Nxc5 Nb4 20. O-O-O Bc6 21. Bb5 Bxb5 22. axb5 O-O-O 23. Ne4 Rd5 24. c4 dxc3 25. bxc3 Rxd1+ 26. Rxd1 Nd5 27. Rd3 Kc7 28. Ng5 Kb6 29. Nxf7 Rc8 30. Kb2 Rc5 31. Nd6 Rc7 32. Kb3 a5 33. bxa6 Kxa6 34. c4 Nb6 35. Kb4 Ka7 36. Nb5+ 1-0

[Event "95th Caplin Hastings Congress"]
[Site "Hastings"]
[Date "2019.12.30"]
[Round "3.23"]
[White "Ryzhkov, Vjacheslav"]
[Black "Merriman, John"]
[Result "1/2-1/2"]
[ECO "C11"]
[WhiteElo "2134"]
[BlackElo "2219"]
[Annotator "NA"]
[PlyCount "38"]
[EventDate "2019.12.28"]
[EventType "swiss"]
[EventCountry "ENG"]
[SourceTitle "playchess.com"]
[Source "ChessBase"]
[SourceQuality "1"]
[TimeControl "40/6600+30:3000+30"]

1. e4 e6 2. d4 d5 3. Nc3 Nf6 4. e5 Nfd7 5. f4 c5 6. Nf3 Nc6 7. Be3 a6 8. Qd2 b5 9. a3 Qb6 10. Ne2 b4 11. axb4 Nxb4 12. c3 Nc6 13. Nc1 a5 14. Be2 Ba6 15. Nd3 c4 16. Nc1 Rb8 17. Ra2 Nb4 18. Ra1 Nc6 19. Ra2 Nb4 1/2-1/2

[Event "95th Caplin Hastings Congress"]
[Site "Hastings"]
[Date "2019.12.30"]
[Round "3.24"]
[White "Wall, Tim P"]
[Black "Brown, Thomas"]
[Result "1-0"]
[ECO "D34"]
[WhiteElo "2218"]
[BlackElo "2116"]
[Annotator "NA"]
[PlyCount "63"]
[EventDate "2019.12.28"]
[EventType "swiss"]
[EventCountry "ENG"]
[SourceTitle "playchess.com"]
[Source "ChessBase"]
[SourceQuality "1"]
[TimeControl "40/6600+30:3000+30"]

1. d4 d5 2. Nf3 Nf6 3. g3 e6 4. Bg2 c5 5. O-O Nc6 6. c4 Be7 7. cxd5 exd5 8. dxc5 Bxc5 9. a3 O-O 10. b4 Be7 11. Nc3 Be6 12. Be3 Ng4 13. Bd4 Rc8 14. Qb3 Nxd4 15. Nxd4 Bf6 16. Rad1 Bxd4 17. Rxd4 Qb6 18. e3 Rc4 19. Rfd1 Rfc8 20. Nxd5 Rxd4 21. Rxd4 Rc1+ 22. Rd1 Rxd1+ 23. Qxd1 Qd8 24. Qd4 b6 25. h3 Nh6 26. g4 Bxd5 27. Qxd5 Qxd5 28. Bxd5 Kf8 29. Kg2 Ke7 30. Kf3 Ng8 31. g5 h6 32. g6 1-0

[Event "95th Caplin Hastings Congress"]
[Site "Hastings"]
[Date "2019.12.30"]
[Round "3.25"]
[White "Price, Gwilym"]
[Black "Lehaci, Miruna-Daria"]
[Result "1/2-1/2"]
[ECO "B90"]
[WhiteElo "2110"]
[BlackElo "2214"]
[Annotator "NA"]
[PlyCount "137"]
[EventDate "2019.12.28"]
[EventType "swiss"]
[EventCountry "ENG"]
[SourceTitle "playchess.com"]
[Source "ChessBase"]
[SourceQuality "1"]
[TimeControl "40/6600+30:3000+30"]

1. e4 c5 2. Nf3 d6 3. d4 cxd4 4. Nxd4 Nf6 5. Nc3 a6 6. Bc4 Nbd7 7. O-O g6 8. Bb3 Bg7 9. Be3 O-O 10. f3 Qc7 11. Qd2 Ne5 12. Rad1 Nc4 13. Bxc4 Qxc4 14. Bh6 b5 15. Bxg7 Kxg7 16. b3 Qc5 17. Kh1 Bb7 18. Nce2 Kh8 19. c4 Rfd8 20. Rc1 Qb6 21. a4 b4 22. Nc2 a5 23. Ne3 e5 24. Rcd1 Rd7 25. Ng3 Re8 26. Ng4 Nxg4 27. fxg4 Qd8 28. g5 Re6 29. Rf3 Kg7 30. Rdf1 Qb6 31. h4 Bc6 32. h5 Kg8 33. h6 Qb7 34. Qe3 Qa7 35. Qe2 Qc7 36. Qf2 Qa7 37. Qe2 Qc7 38. Kh2 Qb7 39. Qe3 Qa7 40. Qe2 Qb7 41. R3f2 Rc7 42. Qd3 Rd7 43. Rf6 Rxf6 44. Rxf6 Qc7 45. Kg1 Rd8 46. Nh1 Bb7 47. Nf2 Bc8 48. Nd1 Be6 49. Ne3 Qc5 50. Kf1 Qc8 51. Rf2 Rd7 52. Nd5 Bxd5 53. Qxd5 Qd8 54. Rf6 Qc7 55. g3 Rd8 56. Kg2 Rd7 57. Kh3 Rd8 58. Kh4 Kf8 59. Rf3 Rd7 60. Rd3 Ke7 61. Rd1 Ke8 62. Qd3 Qd8 63. Qf3 Rc7 64. Rd3 Rc5 65. Qd1 Ke7 66. Qf3 Ke8 67. Qd1 Ke7 68. g4 Qd7 69. Rf3 1/2-1/2

[Event "95th Caplin Hastings Congress"]
[Site "Hastings"]
[Date "2019.12.30"]
[Round "3.26"]
[White "Ratnesan, Ranesh"]
[Black "Pavlov, Mikhail"]
[Result "1/2-1/2"]
[ECO "A57"]
[WhiteElo "2213"]
[BlackElo "1955"]
[Annotator "NA"]
[PlyCount "64"]
[EventDate "2019.12.28"]
[EventType "swiss"]
[EventCountry "ENG"]
[SourceTitle "playchess.com"]
[Source "ChessBase"]
[SourceQuality "1"]
[TimeControl "40/6600+30:3000+30"]

1. d4 Nf6 2. c4 c5 3. d5 b5 4. cxb5 a6 5. f3 e6 6. e4 exd5 7. e5 Qe7 8. Qe2 Ng8 9. Nc3 Bb7 10. Nh3 c4 11. Nf4 Qb4 12. a3 Qa5 13. Bd2 Bb4 14. Nfxd5 Bxd5 15. Nxd5 Bxd2+ 16. Qxd2 axb5 17. a4 bxa4 18. Bxc4 Ne7 19. f4 Nxd5 20. Bxd5 Nc6 21. Qxa5 Rxa5 22. Be4 Ke7 23. O-O Rb8 24. Rf2 g6 25. g3 Rb4 26. Bf3 Nd4 27. Bd1 Nb3 28. Bxb3 Rxb3 29. Rd2 Rab5 30. Rxa4 Rxb2 31. Rad4 Rxd2 32. Rxd2 Rb6 1/2-1/2

[Event "95th Caplin Hastings Congress"]
[Site "Hastings"]
[Date "2019.12.30"]
[Round "3.27"]
[White "Shivika Rohilla"]
[Black "Keetman, Maaike"]
[Result "1/2-1/2"]
[ECO "C06"]
[WhiteElo "1744"]
[BlackElo "2203"]
[Annotator "NA"]
[PlyCount "103"]
[EventDate "2019.12.28"]
[EventType "swiss"]
[EventCountry "ENG"]
[SourceTitle "playchess.com"]
[Source "ChessBase"]
[SourceQuality "1"]
[TimeControl "40/6600+30:3000+30"]

1. e4 e6 2. d4 d5 3. Nd2 Be7 4. Ngf3 Nf6 5. e5 Nfd7 6. Bd3 c5 7. c3 Nc6 8. O-O g5 9. dxc5 Ndxe5 10. Nxe5 Nxe5 11. Bb5+ Bd7 12. Bxd7+ Nxd7 13. b4 O-O 14. Nf3 Re8 15. Nd4 Nf8 16. f4 Qd7 17. f5 e5 18. f6 exd4 19. fxe7 Qxe7 20. Qxd4 Qe5 21. Qxe5 Rxe5 22. Bd2 Rae8 23. Rae1 h6 24. Rxe5 Rxe5 25. Re1 f6 26. Kf2 Kf7 27. Be3 Ne6 28. Rd1 Kg6 29. h3 h5 30. a4 f5 31. c6 bxc6 32. Bxa7 Re4 33. Bd4 f4 34. a5 Nc7 35. Bb6 Na6 36. b5 cxb5 37. Rxd5 b4 38. cxb4 Nxb4 39. Rb5 g4 40. hxg4 hxg4 41. a6 Nd3+ 42. Kg1 Re1+ 43. Kh2 g3+ 44. Kh3 Nf2+ 45. Bxf2 gxf2 46. Rb6+ Kf7 47. a7 f1=Q 48. a8=Q Qd3+ 49. Kg4 Qd7+ 50. Kg5 Qe7+ 51. Kg4 Qd7+ 52. Kg5 1/2-1/2

[Event "95th Caplin Hastings Congress"]
[Site "Hastings"]
[Date "2019.12.30"]
[Round "3.28"]
[White "Stoyanov, Viktor"]
[Black "Akeya-Price, Robert"]
[Result "1/2-1/2"]
[ECO "E01"]
[WhiteElo "2272"]
[BlackElo "1880"]
[Annotator "NA"]
[PlyCount "76"]
[EventDate "2019.12.28"]
[EventType "swiss"]
[EventCountry "ENG"]
[SourceTitle "playchess.com"]
[Source "ChessBase"]
[SourceQuality "1"]
[TimeControl "40/6600+30:3000+30"]

1. d4 d5 2. Nf3 Nf6 3. c4 e6 4. g3 Bb4+ 5. Nbd2 O-O 6. Bg2 c5 7. O-O cxd4 8. Nxd4 Nc6 9. N2f3 Nxd4 10. Qxd4 b6 11. Bg5 Be7 12. cxd5 Nxd5 13. Bxe7 Qxe7 14. Rfd1 Bb7 15. Rac1 Rfd8 16. Qa4 Qb4 17. Qxb4 Nxb4 18. Rxd8+ Rxd8 19. a3 Na6 20. b4 f6 21. Ne1 Bxg2 22. Kxg2 Kf7 23. Nd3 Rd7 24. b5 Nc7 25. a4 e5 26. Kf3 Ne6 27. Ke3 Rd4 28. Ra1 Nc7 29. f3 Nd5+ 30. Kd2 Nb4 31. Kc3 Nxd3 32. exd3 Ke6 33. f4 Kd5 34. fxe5 fxe5 35. h3 e4 36. dxe4+ Rxe4 37. Kd3 Rd4+ 38. Kc3 Re4 1/2-1/2

[Event "95th Caplin Hastings Congress"]
[Site "Hastings"]
[Date "2019.12.30"]
[Round "3.29"]
[White "McNally, Richard J E"]
[Black "Ratsma, Midas"]
[Result "0-1"]
[ECO "B18"]
[WhiteElo "1967"]
[BlackElo "2270"]
[Annotator "NA"]
[PlyCount "62"]
[EventDate "2019.12.28"]
[EventType "swiss"]
[EventCountry "ENG"]
[SourceTitle "playchess.com"]
[Source "ChessBase"]
[SourceQuality "1"]
[TimeControl "40/6600+30:3000+30"]

1. e4 c6 2. d4 d5 3. Nc3 dxe4 4. Nxe4 Bf5 5. Ng3 Bg6 6. Nf3 Nd7 7. Bd3 Bxd3 8. Qxd3 Ngf6 9. O-O e6 10. Bf4 Be7 11. Rfe1 O-O 12. c4 Qb6 13. a3 Rfd8 14. Qc2 Bf8 15. Rad1 Rac8 16. c5 Qa6 17. Ng5 b6 18. N5e4 Ne8 19. Bg5 f6 20. Qb3 Nc7 21. Bf4 Qb5 22. Qa2 Nd5 23. Bd6 bxc5 24. Nc3 Qa5 25. Rxe6 cxd4 26. Nxd5 cxd5 27. Bxf8 Nxf8 28. Re7 Qc5 29. Rde1 d3 30. Qb3 d2 31. R1e2 Qc1+ 0-1

[Event "95th Caplin Hastings Congress"]
[Site "Hastings"]
[Date "2019.12.30"]
[Round "3.30"]
[White "Rice, Chris B"]
[Black "Anderson, John"]
[Result "1/2-1/2"]
[ECO "A20"]
[WhiteElo "2027"]
[BlackElo "2163"]
[Annotator "NA"]
[PlyCount "78"]
[EventDate "2019.12.28"]
[EventType "swiss"]
[EventCountry "ENG"]
[SourceTitle "playchess.com"]
[Source "ChessBase"]
[SourceQuality "1"]
[TimeControl "40/6600+30:3000+30"]

1. c4 Nf6 2. g3 e5 3. Bg2 c6 4. Nf3 e4 5. Nd4 Qb6 6. Nb3 a5 7. d3 a4 8. Be3 Qd8 9. Nd4 Bb4+ 10. Bd2 Bxd2+ 11. Qxd2 exd3 12. Qxd3 O-O 13. O-O d5 14. cxd5 Nxd5 15. Rd1 Na6 16. Nc3 Nxc3 17. Qxc3 Qe7 18. e4 Nc7 19. Rac1 g6 20. Re1 Rd8 21. a3 Qd6 22. Nc2 Nb5 23. Qb4 Be6 24. Qxd6 Rxd6 25. Bf1 Nd4 26. Nxd4 Rxd4 27. Rcd1 Rad8 28. Rxd4 Rxd4 29. f3 Rd2 30. Re2 Rd1 31. Kf2 Bc4 32. Re1 Rd2+ 33. Ke3 Rc2 34. Bxc4 Rxc4 35. Re2 Kf8 36. Rd2 b5 37. e5 Ke7 38. f4 h5 39. Kf3 Rc1 1/2-1/2

[Event "95th Caplin Hastings Congress"]
[Site "Hastings"]
[Date "2019.12.30"]
[Round "3.31"]
[White "Chapman, Matt"]
[Black "Boino, Claudio"]
[Result "1-0"]
[ECO "D00"]
[WhiteElo "1937"]
[BlackElo "2146"]
[Annotator "NA"]
[PlyCount "95"]
[EventDate "2019.12.28"]
[EventType "swiss"]
[EventCountry "ENG"]
[SourceTitle "playchess.com"]
[Source "ChessBase"]
[SourceQuality "1"]
[TimeControl "40/6600+30:3000+30"]

1. d4 d5 2. Bf4 c5 3. e3 Nc6 4. c3 Nf6 5. Nd2 Bf5 6. Ngf3 e6 7. Qb3 Qc8 8. c4 a6 9. Rc1 cxd4 10. Nxd4 Nxd4 11. exd4 Nh5 12. Be3 Bd6 13. g3 O-O 14. Bg2 b5 15. c5 Bc7 16. O-O Nf6 17. Nb1 Be4 18. Nc3 Bxg2 19. Kxg2 Qb7 20. Rfe1 Qc6 21. f3 h6 22. Bf2 Rfe8 23. Rcd1 Rad8 24. Rd3 g5 25. Red1 Kg7 26. a3 h5 27. Be3 Nh7 28. Qc2 f5 29. Qc1 Kg6 30. Ne2 Rg8 31. Rg1 Kf7 32. Kf2 Bb8 33. Rdd1 Rg6 34. h4 Rdg8 35. hxg5 Nxg5 36. Rh1 e5 37. dxe5 Ne6 38. Rxh5 Ng7 39. Rhh1 Bxe5 40. Bf4 Qf6 41. Bxe5 Qxe5 42. Nf4 Rxg3 43. Rxd5 Rxf3+ 44. Kxf3 Qe4+ 45. Kf2 Ne6 46. Re1 Rg2+ 47. Nxg2 Qxd5 48. Qe3 1-0

[Event "95th Caplin Hastings Congress"]
[Site "Hastings"]
[Date "2019.12.30"]
[Round "3.32"]
[White "Thompson, Ian D"]
[Black "Elwin, Adrian G"]
[Result "1-0"]
[ECO "A37"]
[WhiteElo "2141"]
[BlackElo "1986"]
[Annotator "NA"]
[PlyCount "83"]
[EventDate "2019.12.28"]
[EventType "swiss"]
[EventCountry "ENG"]
[SourceTitle "playchess.com"]
[Source "ChessBase"]
[SourceQuality "1"]
[TimeControl "40/6600+30:3000+30"]

1. c4 c5 2. Nc3 Nc6 3. g3 g6 4. Bg2 Bg7 5. Nf3 e6 6. d3 Nge7 7. O-O O-O 8. Bf4 d6 9. Qc1 Nf5 10. Ne1 e5 11. Bd2 Bd7 12. Rb1 Qc8 13. b3 Nfd4 14. e3 Ne6 15. a3 f5 16. f4 exf4 17. gxf4 Ne7 18. b4 cxb4 19. axb4 g5 20. fxg5 Ng6 21. Nf3 f4 22. Nd5 fxe3 23. Bxe3 Nc7 24. Nd4 Nxd5 25. Bxd5+ Kh8 26. Qd2 Bh3 27. Rxf8+ Qxf8 28. Bg2 Bxg2 29. Qxg2 Re8 30. Rf1 Qg8 31. Nf5 Nh4 32. Nxh4 Rxe3 33. Nf5 Re5 34. Nxd6 Re7 35. Nf5 Rd7 36. Rf3 Bc3 37. h4 Qe6 38. b5 Rf7 39. Qf2 Qd7 40. Kg2 Bg7 41. Nxg7 Qg4+ 42. Qg3 1-0

[Event "95th Caplin Hastings Congress"]
[Site "Hastings"]
[Date "2019.12.30"]
[Round "3.33"]
[White "White, Stuart A"]
[Black "Fryer, David W"]
[Result "0-1"]
[ECO "E91"]
[WhiteElo "2106"]
[BlackElo "1913"]
[Annotator "NA"]
[PlyCount "114"]
[EventDate "2019.12.28"]
[EventType "swiss"]
[EventCountry "ENG"]
[SourceTitle "playchess.com"]
[Source "ChessBase"]
[SourceQuality "1"]
[TimeControl "40/6600+30:3000+30"]

1. d4 d6 2. Nf3 Nf6 3. c4 g6 4. Nc3 Bg7 5. e4 O-O 6. Be2 Nc6 7. d5 Nb8 8. O-O e5 9. Ne1 Nbd7 10. Nd3 h6 11. Be3 a6 12. Rc1 Kh7 13. b4 Re8 14. c5 Nf8 15. Nb2 Ng8 16. Nc4 f5 17. cxd6 cxd6 18. Nb6 f4 19. Nxa8 fxe3 20. Na4 b5 21. N4b6 Bb7 22. Nc7 Re7 23. Qc2 exf2+ 24. Rxf2 Qb8 25. a4 Qa7 26. a5 Qb8 27. Nxb5 axb5 28. Bxb5 h5 29. Qd3 Nf6 30. Bc6 Ng4 31. Rf3 Rc7 32. b5 Qa7 33. Qa3 Nd7 34. Bxd7 Rxd7 35. Rcf1 Bxd5 36. exd5 e4 37. h3 exf3 38. Rxf3 Ne5 39. Rf4 Rf7 40. Rxf7 Nxf7 41. Kh1 Qe7 42. Qc1 Ng5 43. Nc4 Ne4 44. Qe3 Bh6 45. Qf3 h4 46. g4 Ng3+ 47. Kh2 Qe1 48. g5 Bg7 49. b6 Bd4 50. Qf7+ Bg7 51. Qf3 Qb1 52. Nxd6 Qc2+ 53. Qg2 Nf1+ 54. Kh1 Qd1 55. Nf7 Ne3+ 56. Qg1 Qf3+ 57. Kh2 Nf1+ 0-1

[Event "95th Caplin Hastings Congress"]
[Site "Hastings"]
[Date "2019.12.30"]
[Round "3.34"]
[White "Willson, Ollie"]
[Black "Ruane, Brendan J"]
[Result "1-0"]
[ECO "B00"]
[WhiteElo "2082"]
[BlackElo "1882"]
[Annotator "NA"]
[PlyCount "143"]
[EventDate "2019.12.28"]
[EventType "swiss"]
[EventCountry "ENG"]
[SourceTitle "playchess.com"]
[Source "ChessBase"]
[SourceQuality "1"]
[TimeControl "40/6600+30:3000+30"]

1. d4 b6 2. e4 Bb7 3. Bd3 g6 4. Nf3 Bg7 5. c4 d6 6. Nc3 Nd7 7. O-O c5 8. d5 Ngf6 9. h3 O-O 10. Bf4 a6 11. Qd2 Qc7 12. Rfe1 Nh5 13. Bh2 e5 14. Bf1 Qd8 15. a4 a5 16. Nb5 Qb8 17. Ra3 Ba6 18. Rb3 Bxb5 19. Rxb5 Qd8 20. Kh1 Nhf6 21. g4 h5 22. g5 Nh7 23. h4 f5 24. Qd3 f4 25. Bh3 Rb8 26. Nd2 Qe7 27. Be6+ Kh8 28. Qh3 Rfd8 29. Qb3 Nhf8 30. Bh3 Qe8 31. Nb1 Kh7 32. Rg1 Qe7 33. Qd1 Rb7 34. Qb3 Rbb8 35. Na3 Ra8 36. Qd1 Rab8 37. Rb3 Rb7 38. Rg2 Nb8 39. Nb5 Na6 40. Qe2 Nc7 41. Nc3 Qf7 42. Rg1 Kh8 43. Nd1 Rbb8 44. Qf3 Qe7 45. Nc3 Na6 46. Qe2 Nb4 47. Nb5 Na6 48. Bg2 Rb7 49. Bf3 Kg8 50. Ra3 Nc7 51. Nc3 Kf7 52. Raa1 Ke8 53. Bg2 Qf7 54. Qd1 Ke7 55. Bh3 Re8 56. Re1 Kd8 57. Qb3 Nd7 58. Nb5 Nxb5 59. Qxb5 Qe7 60. Ra3 Nb8 61. Rf3 Qc7 62. Re2 Re7 63. Rd3 Nd7 64. Red2 Ke8 65. Rb3 Kf8 66. Be6 Nb8 67. Rf3 Rxe6 68. dxe6 Nc6 69. Bxf4 Kg8 70. Be3 Bf8 71. Rf6 Kg7 72. Rf7+ 1-0